 Dungeon Crawl Stone Soup version 0.24-a0-378-g94936e5 (webtiles) character file.

Game seed: 15854429249021399956

22 silenth the Cudgeler (level 2, -5/23 HPs)
             Began as a Demonspawn Gladiator on June 2, 2019.
             Slain by a hound (6 damage)
             ... on level 1 of the Dungeon.
             The game lasted 00:00:54 (687 turns).

silenth the Cudgeler (Demonspawn Gladiator)          Turns: 687, Time: 00:00:54

Health: -5/23      AC:  4    Str: 14    XL:     2   Next: 68%
Magic:  2/2        EV: 12    Int:  9    God:
Gold:   35         SH:  0    Dex: 14    Spells: 1/1 levels left

rFire    . . .     SeeInvis .   a - +0 flail
rCold    . . .     Gourm    .   (no shield)
rNeg     . . .     Faith    .   b - +0 leather armour
rPois    .         Spirit   .   c - +0 helmet
rElec    .         Reflect  .   l - scarf {cloud immunity}
rCorr    .         Harm     .   (no gloves)
MR       .....                  (no boots)
Stlth    +.........             (no amulet)
HPRegen  0.07/turn              (no ring)
MPRegen  0.08/turn              (no ring)

@: lethally poisoned (-5 -> -11)
A: talons 1
a: no special abilities


You were on level 1 of the Dungeon.
You were not hungry.

You visited 1 branch of the dungeon, and saw 2 of its levels.

You collected 35 gold pieces.

Inventory:

Hand Weapons
 a - a +0 flail (weapon)
Missiles
 d - 3 throwing nets
 k - 25 poisoned darts (quivered)
Armour
 b - a +0 leather armour (worn)
 c - a +0 helmet (worn)
 l - a scarf of cloud immunity (worn)
Scrolls
 g - a scroll of identify {unknown}
 h - 2 scrolls of blinking {unknown}
 i - a scroll of enchant armour {unknown}
 m - a scroll of fog {unknown}
 n - 2 scrolls of remove curse {unknown}
 o - a scroll of magic mapping {unknown}
Comestibles
 e - 4 rations


   Skills:
 + Level 2.4 Fighting
 * Level 3.3 Maces & Flails
 - Level 1.7 Throwing
 - Level 2.6 Dodging


You had one spell level left.
You didn't know any spells.
Your spell library was empty.

Dungeon Overview and Level Annotations

Branches:
Dungeon (2/15)

Altars:


Innate Abilities, Weirdness & Mutations

You have sharp toenails.


Message History

* * * LOW HITPOINT WARNING * * *
It was a potion of curing.
You feel better. The hound closely misses you. The hound misses you.
The adder misses you.
There is a stone staircase leading up here.
The hound bites you but does no damage. The adder barely misses you.
The hound bites you. The adder bites you.
* * * LOW HITPOINT WARNING * * *
You are lethally poisoned!
The adder poisons you!
You climb upwards.
* * * LOW HITPOINT WARNING * * *
You feel sick.
There is a stone staircase leading down here.
You feel magically purged.
* * * LOW HITPOINT WARNING * * *
You feel sick. The hound bites you.
* * * LOW HITPOINT WARNING * * *
The adder bites you but does no damage. The hound bites you.
You die...

..###.###.##.# #.### #.###
##.#.####.##.###...#### #.# #
##.####(..#.##.......# #.# #
#######.#.#..##.......# #.#
#............##.......#######.#
.......)....##.............##.###
#.#####....###..(.....####.##....
#.# #.#(## #..S>....# #.######
#.# #.#.# #..@h....# #....... #.#
#.#.# #.###.#### #.###### #.#
#.#.## #.# #.#######..### #.#
#....###.# ####....##...### #.#
#..#.....# #.####..##...##. #.#
##...##..# #..##...(##..##. ..#
##.###..# #..###...###.... ###
#.# #..###...##....#..... .## #.#
#.....#..###...##.###


You could see a hound and an adder.

Vanquished Creatures
  A gnoll (D:1)
  A leopard gecko (D:1)
  2 giant cockroaches (D:1)
  A goblin (D:1)
  A hobgoblin (D:1)
  2 kobolds (D:1)
  4 rats
12 creatures vanquished.

Notes
Turn   | Place    | Note
-------+----------+-------------------------------------------
     0 | D:1      | silenth the Demonspawn Gladiator began the quest for the
                  | Orb.
     0 | D:1      | Reached XP level 1. HP: 16/16 MP: 1/1
   231 | D:1      | Reached skill level 3 in Maces & Flails
   231 | D:1      | Gained mutation: You have sharp toenails. [demonic
                  | ancestry]
   231 | D:1      | Reached XP level 2. HP: 18/23 MP: 2/2
   686 | D:1      | HP: 2/23 [poisoned by an adder]
   687 | D:1      | Slain by a hound

Levels and vault maps discovered:
D:1:      dpeg_arrival_long_road, layout_loops_ring
D:2:      layout_rooms, makhleb_heckhound_becter, first_ration,
          grunt_decor_fettered, uniq_crazy_yiuf_cottage

Skill      XL: |  1 |
---------------+----+-----
Maces & Flails | 3 |  3.3
Fighting       | |  2.4
Throwing       | |  1.7
Dodging        | |  2.6

Action                   || total
-------------------------++-------
Melee: Flail             ||    36
       Kick              ||     3
  Use: Potion            ||     3
Armor: Leather armour    ||    11
Dodge: Dodged            ||    37

Table legend:
 A = Non-vault XP
 B = Vault XP
 C = Vault XP percentage of total XP
 D = Non-vault monster count
 E = Vault monster count
 F = Vault count percentage of total count
                 A         B        C        D         E       F
            +---------+---------+-------+---------+---------+-------
      Total |      32 |       0 |   0.0 |      12 |       0 |   0.0
            +---------+---------+-------+---------+---------+-------
        D:1 |      31 |       0 |   0.0 |      11 |       0 |   0.0
        D:2 |       1 |       0 |   0.0 |       1 |       0 |   0.0
            +---------+---------+-------+---------+---------+-------
